 Dungeon Crawl Stone Soup version 0.31-a0-859-g9dce7d3444 (webtiles) character file.

Game seed: 2435263778525970764

2 Kurtz the Sneak (level 1, -2/21 HPs)
             Began as a Naga Delver on Oct 9, 2023.
             Slain by an iguana (14 damage)
             ... on level 4 of the Dungeon.
             The game lasted 00:00:29 (158 turns).

Kurtz the Sneak (Naga Delver)                        Turns: 158, Time: 00:00:30

Health: -2/21      AC:  1    Str: 14    XL:     1   Next: 40%
Magic:  1/1        EV:  9    Int: 10    God:
Gold:   5          SH:  0    Dex: 12    Spells: 0/0 levels left

rFire   . . .        a - +0 hand axe
rCold   . . .        (no shield)
rNeg    . . .        b - +0 leather armour
rPois   +            (no helmet)
rElec   .            (no cloak)
rCorr   .            (no gloves)
SInv    +            (no barding)
Will    .....        (no amulet)
Stlth   +++          (no ring)
HPRegen 0.23/turn    (no ring)
MPRegen 0.07/turn

%: no passive effects
@: very slow
A: AC +0, large, see invisible, deformed body, poison resistance, slowness 2,
spit poison 1, naga tail 1
a: Spit Poison


You were on level 4 of the Dungeon.
You visited 1 branch of the dungeon, and saw 2 of its levels.

You collected 5 gold pieces.

Inventory:

Hand Weapons
 a - a +0 hand axe (weapon)
Armour
 b - a +0 leather armour (worn)
Wands
 g - a wand of digging (3)
Scrolls
 c - 2 scrolls of fog
 d - a scroll of revelation
 e - a scroll of fear
 h - a scroll of immolation {unknown}
Potions
 f - a potion of haste


   Skills:
 - Level 3.0 Fighting
 * Level 2.2 Axes
 - Level 1.5 Dodging
 - Level 7.2 Stealth


You couldn't memorise any spells.
You didn't know any spells.
Your spell library was empty.

Dungeon Overview and Level Annotations

Branches:
Dungeon (5/15)
 Temple: D:4-7

Altars:

Annotations:
D:4 exclusions: iguana and orc


Innate Abilities, Weirdness & Mutations

Your serpentine skin is tough. (AC +0)
You have supernaturally acute eyesight. (SInv)
Armour fits poorly on your strangely shaped body.
Your system is resistant to poisons. (rPois)
You cover ground very slowly.
You can spit poison.
You have a snake-like lower body.


Message History

You hit the hobgoblin but do no damage.
You punch the hobgoblin, but do no damage.
The hobgoblin hits you.
You closely miss the hobgoblin. The hobgoblin hits you.
You hit the hobgoblin but do no damage. The hobgoblin barely misses you.
You hit the hobgoblin.
The hobgoblin is almost dead.
The hobgoblin barely misses you.
You closely miss the hobgoblin.
The hobgoblin is almost dead.
The hobgoblin closely misses you. The hobgoblin hits you.
* * * LOW HITPOINT WARNING * * *
Aiming: Spit Poison (3% risk of failure)
Press: ? - help, Shift-Dir - straight line, f - hobgoblin
Aim: a hobgoblin (almost dead, 53% to hit)
The splash of poison misses the hobgoblin.
The hobgoblin misses you.
Unknown command.
You hit the hobgoblin.
You kill the hobgoblin!
You start resting.
You have got your breath back.
You open the door.
An orc comes into view. It is wielding a +0 hand axe.
You start resting.
HP restored.
You close the door.
Press: ? - help, . - travel You can't see that place. [the floor.] Placed new exclusion.
There is a shaft here.
The iguana hisses angrily.
The iguana bites you. The iguana bites you!
There is a shaft here.
The iguana attacks as it pursues you! The iguana barely misses you.
The iguana bites you!
Ouch! That really hurt!
You die...

#####################
................@...#
................l^..#
...####+####...####.#
...# ............#.#
...# .............#.#
..)#.o............#.#
...#..............#.#
.†.########'#######.#
....................#


You could see an iguana.

Vanquished Creatures
  A hobgoblin (D:4)
  A quokka (D:4)
2 creatures vanquished.

Notes
Turn   | Place    | Note
-------+----------+-------------------------------------------
     0 | D:5      | Kurtz the Naga Delver began the quest for the Orb.
     0 | D:5      | Reached XP level 1. HP: 21/21 MP: 1/1
    25 | D:4      | Noticed an iguana
   158 | D:4      | Slain by an iguana

Illustrated notes

Levels and vault maps discovered:
D:4:      layout_basic, uniq_robin, uniq_edmund, uniq_natasha
D:5:      layout_loops_ring, minmay_temple_entry_nine_rooms,
          minmay_quadrilaterals, uniq_menkaure

Action                     || total
---------------------------++-------
  Melee: Hand axe          ||     9
         Punch             ||     1
Ability: Spit Poison       ||     1
   Stab: Distracted        ||     1
 Armour: Leather armour    ||     9
  Dodge: Dodged            ||     7

Table legend: (Time is in decaauts)
 A = Elapsed time spent in this place.
 B = Non-inter-level travel time spent in this place.
 C = Inter-level travel time spent in this place.
 D = Time resting spent in this place.
 E = Time spent auto-exploring this place.
 F = Levels seen in this place.
 G = Mean time per level.
                   A        B        C        D        E       F      G
               +--------+--------+--------+--------+--------+-----+--------+
         Total |    194 |    185 |      9 |     53 |     19 |   2 |   97.0 |
       Dungeon |    194 |    185 |      9 |     53 |     19 |   2 |   97.0 |
               +--------+--------+--------+--------+--------+-----+--------+

Top non-repeatable levels by time:
     D:4: 160 daAuts
     D:5: 33 daAuts
